AoeStats
← CORP_vash774

Arena

509956803Analyzed
1v1 RM · 4d ago on Sep 28, 2026· 70m 41s· 2 players
Game mode
Random Map
Map size
Tiny (2 player)
Population
200
Speed
Normal
Resources
Standard
Victory
Conquest
Starting age
Dark Age
Ending age
Imperial Age
RankedLock teamsTeams togetherTeam positionsShared explorationLock speedFull tech treeHidden civsTurbo modeCheats
Victory
Defeat
🇦🇷 Danes · Argentina
1032
+16
🇨🇦 Wei · Canada
1032
-16
CORP_vash774
0:48 Loom
11:50 Feudal Age
16:17 Castle Age
14:20 Horse Collar
16:43 Forging
22:24 Bloodlines
23:54 Double-Bit Axe
24:31 Town Watch
25:01 Heavy Plow
26:55 Scale Mail Armor
28:18 Iron Casting
31:52 Wheelbarrow
33:58 Imperial Age
32:29 Fletching
33:10 Squires
32:57 Arson
34:17 Chain Mail Armor
34:43 Bodkin Arrow
34:39 Pikeman
35:48 Conscription
36:07 Plate Mail Armor
45:52 Halberdier
48:27 Blast Furnace
49:09 Bracer
58:26 Hamask
58:31 Elite Jomsviking
62:11 Light Cavalry
62:52 Husbandry
63:45 Scale Barding Armor
64:51 Bow Saw
65:36 Chain Barding Armor
64:40 Capped Ram
64:59 Elite Varangian Guard
69:46 Hand Cart
Nix
11:03 Feudal Age
15:54 Castle Age
14:15 Double-Bit Axe
14:13 Horse Collar
14:46 Loom
25:01 Arson
25:41 Pikeman
30:40 Imperial Age
34:06 Bow Saw
35:36 Forging
37:49 Fletching
37:59 Padded Archer Armor
39:55 Ming Guang Armor
42:19 Bodkin Arrow
42:39 Leather Archer Armor
43:00 Iron Casting
42:30 Scale Barding Armor
45:30 Conscription
55:43 Blast Furnace
54:48 Scale Barding Armor
54:45 Bracer
55:08 Ballistics
59:35 Parthian Tactics
59:43 Thumb Ring
61:44 Elite Skirmisher
63:29 Ring Archer Armor
63:48 Murder Holes
66:29 Gold Mining
68:29 Chemistry
Connection lost

Rejoining the realm…

Still unreachable

The connection could not be restored.

Session expired

The server has moved on; the page needs a fresh start.